 Dungeon Crawl Stone Soup version 0.26-a0-812-g31a745ddcd (webtiles) character file.

Game seed: 1453477923165097372

20 Lanoc the Digger (level 3, -2/23 HPs)
             Began as a Halfling Earth Elementalist on Dec 1, 2020.
             Was a Plaything of Xom.
             Slain by a hobgoblin
             ... wielding a +0 club
              (4 damage)
             ... on level 2 of the Dungeon.
             The game lasted 00:01:33 (520 turns).

Lanoc the Digger (Halfling Earth Elementalist)       Turns: 520, Time: 00:01:33

Health: -2/23      AC:  2    Str:  9    XL:     3   Next: 0%
Magic:  2/5        EV: 12    Int: 13    God:    Xom [..*...]
Gold:   37         SH:  0    Dex: 15    Spells: 4/5 levels left

rFire    . . .     SeeInvis .   (weapon restricted)
rCold    . . .     Faith    .   (shield restricted)
rNeg     . . .     Spirit   .   c - +0 robe
rPois    .         Reflect  .   (no helmet)
rElec    .         Harm     .   (no cloak)
rCorr    .         Rampage  .   (no gloves)
MR       .....                  (no boots)
Stlth    ++........             (no amulet)
HPRegen  0.07/turn              d - -4 ring of evasion (curse)
MPRegen  0.09/turn              (no ring)

@: no status effects
A: small, mutation resistance 1
a: Renounce Religion


You were on level 2 of the Dungeon.
You worshipped Xom.
You were a toy of Xom.
You visited 1 branch of the dungeon, and saw 2 of its levels.

You collected 37 gold pieces.

Inventory:

Missiles
 b - 19 stones (quivered)
Armour
 c - a +0 robe (worn)
Jewellery
 d - a cursed -4 ring of evasion (left hand)
Potions
 a - a potion of heal wounds {unknown}


   Skills:
 + Level 1.3 Fighting
 + Level 3.0 Dodging
 - Level 2.1 Stealth
 - Level 1.5 Spellcasting
   Level 0.5 Transmutations
 - Level 3.0 Earth Magic


You had 4 spell levels left.
You knew the following spells:

 Your Spells              Type           Power        Failure   Level
a - Sandblast             Erth           #.....       8%          1

Your spell library contained the following spells:

 Spells                   Type           Power        Failure   Level
 Passwall                 Tmut/Erth      #.......     21%         2
 Stone Arrow              Conj/Erth      #.....       41%         3
 Petrify                  Tmut/Erth      #.......     78%         4
 Lee's Rapid Deconstruct  Erth           #.........   91%         5


Dungeon Overview and Level Annotations

Branches:
Dungeon (2/15)

Altars:
Xom
Zin


Innate Abilities, Weirdness & Mutations

You are small and have problems with some larger weapons.
You are somewhat resistant to further mutation.


Message History

The hobgoblin barely misses you.
Casting: Sandblast (safe; 8% risk of failure)
Confirm with . or Enter, or press ? or * to list all spells.
Aiming: Sandblast (safe; 8% risk of failure)
Press: ? - help, Shift-Dir - straight line, f/p - hobgoblin
Aim: a hobgoblin, wielding a +0 club (almost dead)
The blast of sand hits the hobgoblin but does no damage.
The hobgoblin is almost dead.
b - 20 stones The hobgoblin barely misses you.
Casting: Sandblast (safe; 8% risk of failure)
Confirm with . or Enter, or press ? or * to list all spells.
Aiming: Sandblast (safe; 8% risk of failure)
Press: ? - help, Shift-Dir - straight line, f/p - hobgoblin
Aim: a hobgoblin, wielding a +0 club (almost dead)
The blast of sand misses the hobgoblin.
b - 19 stones Your butterfly disappears in a puff of smoke!
The hobgoblin hits you with a +0 club.
You die...

.. ### .# ..# .#
# #.# .#
##b##g##.# #
.#..§b@#..#.#.##
.....b...b.......
#.#..####§######
#( #........# ##
# #.##.###.# #.
#.##.# #. #.##.#
###### #. #.##.#
#....# #. #.##..
#....# #.


You could see a hobgoblin.

Vanquished Creatures
  An adder (D:2)
  A ball python (D:2)
  4 goblins
  2 bats
  2 rats (D:2)
10 creatures vanquished.

Notes
Turn   | Place    | Note
-------+----------+-------------------------------------------
     0 | D:1      | Lanoc the Halfling Earth Elementalist began the quest for
                  | the Orb.
     0 | D:1      | Reached XP level 1. HP: 11/11 MP: 3/3
   175 | D:2      | Found a glowing silver altar of Zin.
   175 | D:2      | Found a shimmering altar of Xom.
   175 | D:2      | Noticed an angel
   193 | D:2      | Reached XP level 2. HP: 15/18 MP: 1/4
   199 | D:2      | Became a worshipper of The Xom-Meister
   206 | D:2      | Reached skill level 1 in Fighting
   310 | D:2      | Reached XP level 3. HP: 19/23 MP: 5/5
   505 | D:2      | XOM: butterfly on damage
   520 | D:2      | Slain by a hobgoblin

Illustrated notes

Levels and vault maps discovered:
D:1:      dpeg_arrival_round_a, layout_basic
D:2:      layout_basic, grunt_temple_overflow_order_and_chaos_1, uniq_robin

Skill      XL: |  1  2 |
---------------+-------+-----
Fighting       | 1 |  1.3
Dodging        | 3 |  3.0
Stealth        | |  2.1
Spellcasting   | |  1.5
Transmutations | |  0.5
Earth Magic    | |  3.0

Action                   || total
-------------------------++-------
Melee: Unarmed           ||    37
 Cast: Sandblast         ||    11
 Stab: Sleeping          ||     1
Armor: Robe              ||     7
Dodge: Dodged            ||    22

Table legend: (Time is in decaauts)
 A = Elapsed time spent in this place.
 B = Non-inter-level travel time spent in this place.
 C = Inter-level travel time spent in this place.
 D = Time resting spent in this place.
 E = Time spent auto-exploring this place.
 F = Levels seen in this place.
 G = Mean time per level.
                   A        B        C        D        E       F      G
               +--------+--------+--------+--------+--------+-----+--------+
         Total |    519 |    508 |     11 |      0 |    422 |   2 |  259.5 |
       Dungeon |    519 |    508 |     11 |      0 |    422 |   2 |  259.5 |
               +--------+--------+--------+--------+--------+-----+--------+

Top non-repeatable levels by time:
     D:2: 358 daAuts
     D:1: 161 daAuts
